 Seeded DCSS version 0.30.0-13-g156ef70053 (webtiles) character file.

Game seed: 6862222631304461848 (custom seed)

150 Pimp the Shooter (level 5, 0/31 HPs)
             Began as a Deep Elf Hunter on May 17, 2023.
             Slain by Sigmund
             ... wielding a +2 scythe of flaming
              (2 damage)
             ... on level 3 of the Dungeon.
             The game lasted 00:02:38 (2080 turns).

Pimp the Shooter (Deep Elf Hunter)                  Turns: 2080, Time: 00:02:39

Health: 0/31       AC:  3    Str:  3 (6)  XL:     5   Next: 10%
Magic:  7/7        EV: 12    Int: 15 (16) God:
Gold:   77         SH:  0    Dex: 15 (18) Spells: 4/4 levels left

rFire   + . .        a - +0 shortbow
rCold   . . .        (shield currently unavailable)
rNeg    . . .        c - +0 leather armour
rPois   .            (no helmet)
rElec   .            (no cloak)
rCorr   .            (no gloves)
SInv    .            (no boots)
Will    +....        (no amulet)
Stlth   ++           (no ring)
HPRegen 0.25/turn    (no ring)
MPRegen 0.10/turn

%: random rage (3%)
@: flying
A: berserk 1, fire resistance 1, strong-willed 1, weak 1
a: no special abilities


You were on level 3 of the Dungeon.
You visited 1 branch of the dungeon, and saw 3 of its levels.

You collected 77 gold pieces.

Inventory:

Hand Weapons
 a - a +0 shortbow (weapon)
Armour
 c - a +0 leather armour (worn)
Jewellery
 i - a +6 ring of dexterity
Scrolls
 b - a scroll of immolation
 d - 2 scrolls of magic mapping {unknown}
 e - a scroll of poison {unknown}
 g - 2 scrolls of identify {unknown}
 l - a scroll of enchant weapon {unknown}
 m - a scroll of teleportation {unknown}
 n - a scroll of fog {unknown}
Potions
 o - a potion of lignification {unknown}


   Skills:
 + Level 2.5 Fighting
 + Level 6.2 Ranged Weapons
 + Level 3.8 Dodging
 + Level 3.3 Stealth


You had 4 spell levels left.
You didn't know any spells.
Your spell library contained the following spells:

 Spells                   Type           Power      Damage    Failure   Level
 Cause Fear               Hex            0%         N/A       99%         4
 Dragon Form              Tmut           0%         N/A       100%        7
 Dragon's Call            Summ           0%         N/A       100%        9


Dungeon Overview and Level Annotations

Branches:
Dungeon (3/15)

Altars:

Annotations:
D:3 Sigmund


Innate Abilities, Weirdness & Mutations

You sometimes lose your temper in combat.
Your flesh is heat resistant. (rF+)
You are strong-willed. (Will+)
You are weak. (Str -2)


Message History

No target in view!
You hear some strange, mumbled words.
Something tries to affect you, but you resist.
A puff of flame appears from out of thin air!
The puff of flame misses you.
You are confused.
Something tries to affect you, but you resist.
Something hits you. Something burns you.
It was a potion of flight.
You feel very buoyant.
You fly up into the air.
Something hits you. Something burns you.
You are too confused!
You feel less confused.
You hear some strange, mumbled words.
Something tries to affect you, but you resist.
A magic dart appears from out of thin air!
The magic dart hits you.
You see here 15 gold pieces.
A frilled lizard comes into view.
The frilled lizard hisses angrily.
Sigmund casts a spell.
Sigmund flickers and vanishes!
A puff of flame appears from out of thin air!
The puff of flame hits you!
* * * LOW HITPOINT WARNING * * *
You feel more buoyant.
It was a potion of degeneration.
There was something very wrong with that liquid.
You feel weakened.
You feel dopey.
You feel clumsy.
It was a potion of mutation.
You feel extremely strange.
You feel strong-willed.
You feel a little pissed off.
You feel weaker.
You feel resistant to heat.
You shoot an arrow. The arrow misses the frilled lizard.
The frilled lizard closely misses you.
You shoot an arrow. The arrow hits the frilled lizard.
You kill the frilled lizard!
Something hits you!
* * * LOW HITPOINT WARNING * * *
Something burns you.
You die...

#### ## #.. ..# ##.##..#
###..#...######
#.............#
#..†@..##.....#
#..##..#......#####
#..#..........#....
##........##.....#####
#.l...###.#.....##....
#.##..#.........##....
.##.#...#.....##.....[..
...........##..#..)......
.......##..#.............


There were no monsters in sight!

Vanquished Creatures
  9 adders
  5 dart slugs
  An orc (D:3)
  7 ball pythons
  2 bats (D:1)
  5 endoplasms
  3 giant cockroaches
  4 goblins
  5 hobgoblins
  3 quokkas (D:1)
  4 frilled lizards
  6 kobolds
  6 rats
60 creatures vanquished.

Notes
Turn   | Place    | Note
-------+----------+-------------------------------------------
     0 | D:1      | Pimp the Deep Elf Hunter began the quest for the Orb.
     0 | D:1      | Reached XP level 1. HP: 12/12 MP: 3/3
   129 | D:1      | Reached XP level 2. HP: 17/17 MP: 4/4
   779 | D:2      | Reached XP level 3. HP: 21/21 MP: 5/5
  1394 | D:2      | Reached XP level 4. HP: 26/26 MP: 6/6
  1440 | D:2      | Reached skill level 6 in Ranged Weapons
  1851 | D:3      | Reached XP level 5. HP: 31/31 MP: 7/7
  2002 | D:3      | Noticed Sigmund
  2078 | D:3      | Gained mutation: You are strong-willed. (Will+) [potion of
                  | mutation]
  2078 | D:3      | Gained mutation: You sometimes lose your temper in combat.
                  | [potion of mutation]
  2078 | D:3      | Gained mutation: You are weak. (Str -2) [potion of
                  | mutation]
  2078 | D:3      | Gained mutation: Your flesh is heat resistant. (rF+)
                  | [potion of mutation]
  2080 | D:3      | Slain by Sigmund

Illustrated notes

Levels and vault maps discovered:
D:1:      minmay_arrival_pointy, layout_loops_cross, nicolae_titane
D:2:      layout_basic, nicolae_kite_square_tiling_tiny, minmay_snake_closets
D:3:      layout_rooms, st_stairs_11, hex_tiny, hangedman_decor_points,
          minmay_misc_feat_pillars, kennysheep_generic_room_10, uniq_jessica,
          uniq_sigmund

Skill      XL: |  1  2  3  4 |
---------------+-------------+-----
Stealth        | 2 3 |  3.3
Fighting       | 2 |  2.5
Dodging        | 3 |  3.8
Ranged Weapons | 6 |  6.2

Action                     |  1- 3 |  4- 6 || total
---------------------------+-------+-------++-------
   Fire: Shortbow          |    76 |    75 ||   151
    Use: Potion            |       |     5 ||     5
 Armour: Leather armour    |     9 |     8 ||    17
  Dodge: Dodged            |    18 |    24 ||    42
